Map: Dusk Towers

Players

VeritaS

  • Race: Zerg Zerg
  • League: Master

Miszu - Winner!

  • Race: Protoss Protoss
  • League: Master

VOD

Have the link to the VOD?

Description

Time

  • Played on: April 3, 2016, 8:31 a.m.
  • Length: 14:07
Show
View Real Time Build Order
Export as new Build Order

VeritaS Zerg 

Build Orders: 3 Hatch before Pool, Lurkers 

Get SALT Encoding   

  12  0:01  Drone  
  13  0:13  Overlord  
  13  0:18  Drone  
  14  0:22  Extractor  
  14  0:23  Drone  
  15  0:35  Drone x2  
  17  0:57  Hatchery  
  17  0:58  Drone  
  17  1:00  Drone  
  18  1:09  Drone  
  19  1:24  Hatchery  
  18  1:27  Drone  
  18  1:30  Drone  
  20  1:42  Spawning Pool  
  20  1:44  Extractor  
  18  1:48  Drone  
  18  1:52  Drone  
  20  2:01  Drone  
  21  2:12  Drone x2  
  23  2:22  Overlord  
  23  2:24  Drone  
  23  2:29  Queen x2  
  28  2:36  Queen  
  30  2:40  Zergling x2  
  30  2:41  Zergling x2  
  32  2:49  Metabolic Boost  
  32  2:52  Drone x2  
  32  2:53  Drone  
  32  2:58  Overlord  
  35  3:10  Drone x4  
  38  3:20  Zergling x4  
  38  3:22  Drone x2  
  38  3:23  Drone  
  43  3:29  Overlord  
  43  3:32  Roach Warren  
  42  3:42  Overlord  
  42  3:43  Drone x4  
  46  3:53  Drone x5  
  51  4:02  Lair  
  51  4:04  Extractor  
  51  4:07  Overlord  
  51  4:08  Drone x3  
  53  4:21  Evolution Chamber  
  52  4:25  Drone  
  52  4:26  Drone x9  
  62  4:34  Overlord  
  62  4:35  Drone x4  
  66  4:39  Drone  
  66  4:40  Drone x2  
  69  4:48  Zerg Missile Weapons Level 1, Extractor  
  69  4:49  Spore Crawler  
  67  4:52  Spore Crawler  
  67  4:55  Spore Crawler x2  
  67  4:56  Spore Crawler  
  67  4:58  Overlord, Drone  
  67  4:59  Drone x2  
  65  5:02  Spore Crawler  
  65  5:05  Extractor  
  65  5:06  Extractor  
  62  5:09  Roach x3  
  62  5:10  Roach  
  62  5:13  Roach  
  62  5:14  Roach  
  73  5:19  Roach x2  
  75  5:23  Roach x2  
  76  5:29  Roach x2  
  78  5:47  Drone x6  
  80  5:55  Drone x2  
  80  6:06  Overlord x3  
  80  6:25  Drone  
  80  6:26  Hydralisk Den, Drone x7  
  80  6:27  Overlord x2  
  86  6:35  Overlord x2  
  82  6:41  Drone x3  
  82  6:42  Drone  
  82  6:45  Overlord  
  84  6:50  Extractor  
  84  6:51  Zerg Missile Weapons Level 2  
  83  6:57  Hydralisk x2, Muscular Augments  
  83  6:58  Hydralisk  
  89  7:02  Glial Reconstitution  
  87  7:09  Hydralisk x3  
  93  7:19  Hydralisk x3  
  99  7:26  Hydralisk  
  99  7:27  Hydralisk  
  99  7:29  Overlord x3  
  103  7:31  Overlord  
  103  7:39  Hydralisk  
  103  7:40  Hydralisk  
  105  7:46  Overlord  
  105  7:47  Queen  
  103  7:53  Hydralisk x4  
  111  8:02  Hydralisk x3  
  117  8:07  Hydralisk  
  117  8:08  Hydralisk x2  
  117  8:12  Hydralisk  
  123  8:19  Hydralisk x3  
  125  8:24  Hydralisk  
  125  8:25  Hydralisk  
  129  8:27  Overlord  
  129  8:40  Overlord, Hydralisk x4  
  135  8:43  Overlord  
  135  8:47  Hydralisk x2  
  139  8:53  Hydralisk x2  
  143  8:58  Hydralisk x2  
  147  9:03  Hydralisk x2  
  147  9:08  Overlord  
  151  9:10  Hydralisk  
  151  9:12  Overlord  
  153  9:19  Overlord  
  145  9:40  Hydralisk x9  
  143  9:51  Roach  
  105  9:58  Hydralisk  
  105  9:59  Hydralisk x2  
  98  10:05  Zerg Ground Armor Level 1  
  94  10:20  Drone x6  
  100  10:29  Hydralisk x3  
  100  10:34  Extractor, Hatchery  
  104  10:36  Hydralisk x3  
  110  10:48  Drone  
  110  10:49  Drone x6  
  117  10:56  Hydralisk  
  119  11:04  Lurker Den  
  119  11:05  Overseer  
  119  11:06  Hydralisk x3  
  119  11:07  Hydralisk  
  119  11:09  Drone  
  119  11:10  Drone  
  129  11:17  Spine Crawler  
  128  11:22  Roach x3  
  132  11:26  Roach x2  
  132  11:31  Roach  
  132  11:32  Roach x2  
  139  11:41  Roach x4  
  136  11:51  Roach x4  
  141  11:56  Overlord  
  140  12:02  Roach x4  
  140  12:06  Roach x2  
  144  12:17  Roach x4  
  143  12:24  Roach  
  142  12:30  Roach  
  137  12:40  Roach x2  
  139  12:49  Roach  
  139  12:50  Roach  
  143  12:54  Lurker  
  143  12:55  Lurker  
  98  13:21  Lurker x2  
  98  13:23  Hydralisk x3  
  106  13:48  Roach x2  
Show
View Real Time Build Order
Export as new Build Order

Miszu Protoss - Winner!

Build Orders: 1 Gate Expand 

Get SALT Encoding   

  12  0:00  Probe (Chrono Boost)  
  13  0:11  Probe (Chrono Boost)  
  14  0:19  Pylon  
  14  0:22  Probe (Chrono Boost)  
  15  0:37  Probe (Chrono Boost)  
  15  0:39  Gateway  
  16  0:47  Probe (Chrono Boost)  
  17  0:58  Probe (Chrono Boost)  
  18  1:08  Probe (Chrono Boost)  
  19  1:14  Nexus  
  19  1:19  Probe (Chrono Boost)  
  19  1:22  Assimilator  
  20  1:33  Cybernetics Core  
  20  1:38  Pylon  
  20  1:40  Probe (Chrono Boost)  
  21  1:47  Assimilator  
  21  1:51  Probe (Chrono Boost)  
  22  2:02  Probe (Chrono Boost)  
  23  2:10  Adept (Chrono Boost)  
  23  2:12  Probe  
  26  2:24  Probe  
  26  2:27  Probe  
  28  2:34  Warp Gate (Chrono Boost)  
  32  2:37  Adept (Chrono Boost), Mothership Core  
  32  2:38  Probe  
  33  2:48  Probe  
  34  2:56  Gateway  
  34  2:58  Gateway, Probe  
  35  2:59  Probe  
  36  3:09  Probe  
  36  3:10  Probe  
  36  3:20  Probe (Chrono Boost)  
  36  3:22  Probe (Chrono Boost)  
  36  3:26  Pylon  
  38  3:32  Probe (Chrono Boost)  
  42  3:34  Adept, Probe (Chrono Boost)  
  42  3:41  Stargate  
  42  3:42  Probe (Chrono Boost)  
  42  3:43  Stargate  
  42  3:44  Probe (Chrono Boost)  
  42  3:45  Assimilator  
  42  3:46  Assimilator  
  44  3:51  Probe  
  45  3:55  Probe  
  45  4:02  Pylon, Probe  
  46  4:07  Probe  
  48  4:12  Probe  
  49  4:20  Probe  
  49  4:23  Probe  
  50  4:31  Phoenix x2  
  53  4:32  Adept x3  
  53  4:36  Nexus  
  61  4:40  Probe  
  61  4:43  Pylon  
  62  4:49  Pylon  
  62  4:59  Probe  
  62  5:02  Adept, Nexus  
  65  5:09  Phoenix, Probe  
  68  5:25  Adept, Probe x2  
  72  5:32  Phoenix  
  74  5:35  Probe  
  74  5:37  Probe  
  74  5:38  Phoenix  
  74  5:46  Probe  
  74  5:49  Probe  
  74  5:51  Adept x2  
  74  5:56  Pylon, Probe  
  74  5:58  Robotics Facility  
  74  5:59  Robotics Facility  
  74  6:01  Phoenix  
  77  6:14  Phoenix  
  77  6:15  Probe  
  80  6:18  Probe  
  80  6:19  Probe  
  80  6:21  Pylon  
  80  6:23  Sentry  
  80  6:24  Sentry  
  86  6:26  Phoenix  
  86  6:27  Probe  
  89  6:34  Probe x2  
  89  6:39  Probe  
  92  6:45  Forge, Probe x2  
  92  6:46  Twilight Council, Observer  
  95  6:49  Pylon, Warp Prism  
  95  6:51  Probe  
  98  6:55  Probe  
  98  6:57  Assimilator  
  98  6:58  Phoenix  
  98  7:00  Phoenix  
  103  7:01  Assimilator  
  103  7:06  Probe  
  103  7:08  Probe  
  105  7:09  Probe  
  106  7:17  Probe  
  106  7:19  Probe  
  106  7:20  Probe  
  109  7:27  Gateway  
  109  7:29  Gateway  
  109  7:30  Gateway  
  109  7:32  Immortal x2  
  109  7:33  Pylon, Resonating Glaives  
  109  7:34  Protoss Ground Weapons Level 1  
  117  7:46  Pylon  
  117  7:48  Pylon  
  117  7:49  Probe  
  117  7:51  Pylon, Probe  
  119  7:53  Pylon  
  119  7:57  Adept  
  121  8:11  Immortal x2  
  129  8:17  Gateway  
  129  8:20  Gateway  
  129  8:23  Gateway  
  129  8:39  Adept x3  
  129  8:40  Adept  
  137  8:49  Pylon  
  137  8:50  Immortal x2  
  137  8:51  Pylon  
  137  8:55  Pylon  
  145  8:58  Zealot x2  
  145  8:59  Zealot  
  145  9:00  Zealot  
  153  9:11  Pylon  
  153  9:13  Adept x2, Charge, Gateway  
  153  9:16  Gateway  
  157  9:29  Immortal  
  161  9:33  Zealot x4  
  161  9:34  Zealot x5  
  127  9:55  Zealot x3  
  127  9:56  Adept x4  
  127  9:57  Adept x2  
  135  10:08  Protoss Ground Weapons Level 2 (Chrono Boost)  
  135  10:09  Pylon  
  135  10:10  Immortal x2  
  137  10:18  Adept x4  
  137  10:19  Adept  
  147  10:24  Nexus  
  147  10:34  Pylon  
  147  10:38  Adept x5  
  147  10:39  Zealot  
  147  10:40  Stalker x2  
  163  10:44  Sentry, Pylon  
  165  10:53  Zealot x2  
  165  10:55  Immortal  
  169  11:00  Immortal  
  169  11:03  Adept x2  
  181  11:06  Zealot  
  181  11:08  Zealot  
  185  11:11  Zealot  
  187  11:29  Warp Prism  
  183  11:38  Warp Prism  
  170  11:54  Zealot x8  
  170  11:55  Zealot x3  
  170  12:00  Immortal  
  192  12:15  Immortal, Zealot x2  
  190  12:16  Zealot x3  
  200  12:32  Zealot x2  
  194  12:38  Zealot x4  
  199  12:46  Adept  
  199  12:47  Adept  
  195  12:53  Adept x2  
  195  12:54  Adept x3  
  181  13:09  Adept x4  
  181  13:10  Adept x2  
  169  13:17  Observer  
  171  13:20  Observer  
  171  13:26  Adept x3  
  171  13:27  Adept x2  
  179  13:30  Templar Archives  
  181  13:39  Zealot x5  
  190  13:41  Observer  
  187  13:56  Zealot  
  187  13:57  Zealot x5  
Tags
 
Add a new tag
Caveats
  • Supply blocks, unpowered buildings, or Contaminate may cause inaccurate times.
  • Supply counts are checked every 10 seconds.